 Dungeon Crawl Stone Soup version 0.22-a0-280-g69bf1f3 (webtiles) character file.

186 GizzardofKazz the Slasher (level 5, -7/67 HPs)
             Began as a Minotaur Berserker on Mar 16, 2018.
             Was a Priest of Trog.
             Mangled by skwerlee's ghost (12 damage)
             ... on level 3 of the Dungeon.
             The game lasted 00:08:06 (1551 turns).

GizzardofKazz the Slasher (Minotaur Berserker)      Turns: 1551, Time: 00:08:06

Health: -7/67      AC:  3    Str: 28    XL:     5   Next: 38%
Magic:  4/4        EV: 12    Int:  4    God:    Trog [***...]
Gold:   92         SH:  0    Dex:  9    Spells: 4/4 levels left

rFire    . . .     SeeInvis .   a - +0 falchion
rCold    . . .     Gourm    .   (no shield)
rNeg     . . .     Faith    .   k - +0 leather armour
rPois    .         Spirit   .   (helmet restricted)
rElec    .         Reflect  .   (no cloak)
rCorr    .         Harm     .   (no gloves)
MR       .....                  (no boots)
Stlth    ..........             (no amulet)
HPRegen  0.21/turn              (no ring)
MPRegen  0.09/turn              (no ring)

@: berserking (expiring), very quick
A: retaliatory headbutt, horns 2
a: Berserk, Trog's Hand, Renounce Religion


You were on level 3 of the Dungeon.
You worshipped Trog.
Trog was most pleased with you.
You were very hungry.

You visited 1 branch of the dungeon, and saw 3 of its levels.

You collected 92 gold pieces.

Inventory:

Hand Weapons
 a - a +0 falchion (weapon)
Armour
 k - a +0 leather armour (worn)
Jewellery
 g - an uncursed ring of wizardry
Scrolls
 d - a scroll of remove curse
Potions
 e - a potion of berserk rage {unknown}
 h - a potion of agility {unknown}
 i - a potion of brilliance {unknown}
 j - a potion of heal wounds
 l - a potion of curing
Comestibles
 c - 5 rations
 f - 3 chunks of flesh


   Skills:
 - Level 3.6 Fighting
 + Level 7.4 Long Blades
 - Level 2.4 Armour
 - Level 2.1 Dodging


You had 4 spell levels left.
You didn't know any spells.

Dungeon Overview and Level Annotations

Branches:
Dungeon (3/15)

Altars:

Annotations:
D:3 Robin; skwerlee's ghost, amateur HOFi


Innate Abilities, Weirdness & Mutations

You reflexively headbutt those who attack you in melee.
You have a pair of horns on your head.


Message History

* * * LOW HITPOINT WARNING * * *
You slash skwerlee's ghost!
Skwerlee's ghost is severely damaged.
Robin throws the goblin at you!
You closely miss skwerlee's ghost.
Skwerlee's ghost is severely damaged.
The hobgoblin hits you but does no damage.
Skwerlee's ghost closely misses you. You furiously retaliate!
You headbutt skwerlee's ghost, but do no damage.
The goblin closely misses you.
You slash skwerlee's ghost!
Skwerlee's ghost is almost destroyed.
The hobgoblin no longer looks unusually strong.
The goblin no longer looks unusually strong.
Robin hits you from afar with a spear.
* * * LOW HITPOINT WARNING * * *
You barely miss skwerlee's ghost.
Skwerlee's ghost is almost destroyed.
The hobgoblin barely misses you. Skwerlee's ghost hits you!
You die...

......... .........<#.#
....$..###...........#
....#......#.......##
##.....##...>...###...## .
##....###..#..##.# #...
..#..#......#...#..########
............g..#.#..........
.........g##W......#...##...
.........gg@g###.#.###.##.##
.........g##..##..........#
..........##.........#..###
........................####
.........####...............
........# #........###.###
.......## #........#......
#.....# #............<..
####. ................


You could see Robin, skwerlee's ghost, 4 hobgoblins and a goblin.

Vanquished Creatures
  Terence (D:3)
  A worker ant (D:2)
  6 adders
  An ooze (D:1)
  2 worms (D:2)
  3 dart slugs
  2 leopard geckos
  An orc (D:2)
  2 ball pythons (D:2)
  4 bats
  2 giant cockroaches
  4 goblins
  12 hobgoblins
  2 jackals (D:2)
  10 kobolds
  3 quokkas
  4 frilled lizards
  7 rats
67 creatures vanquished.

Notes
Turn   | Place    | Note
-------+----------+-------------------------------------------
     0 | D:1      | GizzardofKazz the Minotaur Berserker began the quest for the Orb.
     0 | D:1      | Reached XP level 1. HP: 19/19 MP: 0/0
    15 | D:1      | Reached skill level 4 in Long Blades
    54 | D:1      | Reached XP level 2. HP: 25/26 MP: 1/1
   294 | D:1      | Reached skill level 5 in Long Blades
   420 | D:1      | Reached XP level 3. HP: 21/31 MP: 2/2
   432 | D:1      | Reached ** piety under Trog
   757 | D:2      | Reached skill level 6 in Long Blades
   757 | D:2      | Reached XP level 4. HP: 29/39 MP: 3/3
  1121 | D:2      | Reached XP level 5. HP: 45/45 MP: 4/4
  1189 | D:3      | Noticed Terence
  1202 | D:3      | Reached *** piety under Trog
  1202 | D:3      | Reached skill level 7 in Long Blades
  1204 | D:3      | Killed Terence
  1524 | D:3      | Noticed Robin
  1524 | D:3      | Noticed skwerlee's ghost (amateur HOFi)
  1551 | D:3      | Mangled by skwerlee's ghost

Vault maps used:
D:1:      minmay_arrival_semitransparent
D:2:      serial_glass, glass_columns_b, glass_columns_b, grunt_decor_cap,
          kennysheep_generic_room_4
D:3:      uniq_robin, uniq_terence

Skill      XL: |  1  2  3  4  5 |
---------------+----------------+-----
Long Blades    | 4 5 6 7 |  7.4
Fighting       | |  3.6
Armour         | |  2.4
Dodging        | |  2.1

Action                   |  1- 3 |  4- 6 || total
-------------------------+-------+-------++-------
Melee: Falchion          |    70 |    74 ||   144
       Headbutt          |    12 |    12 ||    24
Invok: Berserk           |       |     2 ||     2
  Use: Scroll            |       |     6 ||     6
  Eat: Chunk             |       |     3 ||     3
Armor: Animal skin       |     7 |     6 ||    13
       Leather armour    |       |     2 ||     2
Dodge: Dodged            |    36 |    47 ||    83
       Rpst.: Falchion   |    12 |    14 ||    26

Table legend:
 A = Spawn XP
 B = Non-spawn XP
 C = Spawn XP percentage of total XP
 D = Spawn monster count
 E = Non-spawn monster count
 F = Spawn count percentage of total count
 G = Total turns spent on level
                    A         B        C        D         E        F      G
               +---------+---------+-------+---------+---------+-------+---------
         Total |       0 |     266 |   0.0 |       0 |      67 |   0.0 |  1551
               +---------+---------+-------+---------+---------+-------+---------
           D:1 |       0 |      45 |   0.0 |       0 |      20 |   0.0 |   540
           D:2 |       0 |     153 |   0.0 |       0 |      32 |   0.0 |   630
           D:3 |       0 |      68 |   0.0 |       0 |      15 |   0.0 |   381
               +---------+---------+-------+---------+---------+-------+---------
